Cogmind - Beta 9.5 @@@ ROGUE MODE // 2020.04.11 @ 13:17:58 // Winter2019/RPGLIKE Player: Hermelin Result: Destroyed 0B10! Performance ------------- Evolutions (9) 4500 Regions Visited (23) 4600 Robots Destroyed (762) 3810 Value Destroyed (38357) 38357 Prototype IDs (109) 2180 Alien Tech Used (6) 1200 Bonus (40901) 40901 TOTAL SCORE: 95548 Bonus ------- Triggered High Security 1500 Triggered Max Security 1000 High Alert Combat Kills 19897 Follower Combat Kills 2129 Network Hubs Disabled 400 Aligned with FarCom 300 Met Warlord at Base 500 MAIN.C Attacked Warlord 500 Warlord Defense Kill 1276 Used Core Reset Matrix 3000 Scanned by Researcher 500 Met Sigix 2000 Escaped with Sigix 5000 Win 3000 Friendly Fire -101 Cogmind --------- Core Integrity 498/1600 Matter 370/400 Energy 496/520 System Corruption 6% Temperature Cool (24) Movement Flying (17) Location Tau Ceti IV Orbit Parts ------- > --- POWER (2) -------- Micro Fission Core Improved Quantum Reactor > --- PROPULSION (6) --- Cooled Cesium-ion Thruster Experimental Cesium-ion Thruster Experimental Cesium-ion Thruster Q-thruster Electron Diverter Improved Q-thruster > --- UTILITY (14) ----- Advanced Power Amplifier Experimental Signal Interpreter Advanced Melee Analysis Suite Advanced Melee Analysis Suite Advanced Melee Analysis Suite Advanced Target Analyzer Experimental Core Analyzer Advanced Armor Integrity Analyzer Nanoactuators Advanced Reaction Control System Centrium Medium Armor Plating Improved Powered Armor Experimental Hacking Suite Improved System Shield > --- WEAPON (4) ------- Longsword +1 Longsword +1 Sigix Broadsword > --- INVENTORY (5) ---- Advanced Actuator Array Experimental Reclamation Unit Transdimensional Reconstructor Sigix Containment Pod Peak State ------------ > --- POWER ------------ Micro Fission Core Improved Quantum Reactor > --- PROPULSION ------- Cooled Cesium-ion Thruster Experimental Cesium-ion Thruster Experimental Cesium-ion Thruster Q-thruster Electron Diverter Improved Q-thruster > --- UTILITY ---------- Advanced Power Amplifier Experimental Signal Interpreter Advanced Melee Analysis Suite Advanced Melee Analysis Suite Advanced Target Analyzer Experimental Core Analyzer Advanced Armor Integrity Analyzer Nanoactuators Advanced Actuator Array Improved Stasis Canceller Advanced Reaction Control System Centrium Medium Armor Plating Experimental Hacking Suite Improved System Shield > --- WEAPON ----------- Longsword +1 Longsword +1 Sigix Broadsword > --- INVENTORY -------- Cooled Cesium-ion Thruster Antimissile System Transdimensional Reconstructor Sigix Containment Pod [Rating: 213] Favorites ----------- Power Micro Fission Core Engine Light Ion Engine Power Core Micro Fission Core Reactor Light Quantum Reactor Propulsion Improved VTOL Module Treads Light Treads Wheel Compact Wheel Hover Unit Hover Unit Flight Unit Improved VTOL Module Utility Advanced Melee Analysis Suite Device Advanced Reaction Control System Storage Improved Matter Compressor Processor Advanced Melee Analysis Suite Hackware Advanced Hacking Suite Protection Centrium Medium Armor Plating Weapon Longsword +1 Energy Gun Medium Laser Energy Cannon Vortex Driver Ballistic Gun Heavy Assault Rifle Launcher Heavy Rocket Launcher Special Weapon Plasma Flamer Impact Weapon Powered Hammer Slashing Weapon Longsword +1 Piercing Weapon Enhanced Force Lance Special Melee Weapon Advanced Datajack Build | -11 -10 -10 -10 -9 -8 -7 -6 -6 -6 -6 -6 -5 -5 -5 -5 -5 -4 -4 -4 -3 -3 -2 -1 ------- Run | Scr Mat Min Exi Min Mat Fac Fac Ext Cet Arc Hub Fac Was Fac Upp War Pro Fac Arm Res Qua Res Acc Slots Evolved 22 | 3 . 2 . 1 4 2 5 1 . . . . . . . 1 . 1 . 1 . . 1 Power 1 | . . . . . . . 1 . . . . . . . . . . . . . . . . Propulsion 5 | 1 . 1 . . 1 . 1 . . . . . . . . . . . . 1 . . . Utility 13 | 2 . . . 1 2 2 2 1 . . . . . . . 1 . 1 . . . . 1 Weapon 3 | . . 1 . . 1 . 1 . . . . . . . . . . . . . . . . Parts Attached 219 | 5 9 6 2 10 24 16 25 16 1 1 3 7 1 3 . 14 1 20 4 23 13 2 13 Power 27 | 1 1 1 . . 1 3 7 . . 1 . . . . . 3 . 4 1 1 1 . 2 Engine 7 | 1 1 . . . . 3 2 . . . . . . . . . . . . . . . . Core 13 | . . 1 . . 1 . 5 . . 1 . . . . . 2 . 3 . . . . . Reactor 7 | . . . . . . . . . . . . . . . . 1 . 1 1 1 1 . 2 Propulsion 34 | 2 2 4 . 4 8 1 2 . . . . . 1 . . 1 . 3 . 4 . . 2 Treads 1 | 1 . . . . . . . . . . . . . . . . . . . . . . . Leg . | . . . . . . . . . . . . . . . . . . . . . . . . Wheel 1 | 1 . . . . . . . . . . . . . . . . . . . . . . . Hover 4 | . 2 2 . . . . . . . . . . . . . . . . . . . . . Flight 28 | . . 2 . 4 8 1 2 . . . . . 1 . . 1 . 3 . 4 . . 2 Utility 108 | . 5 . . 3 12 9 12 6 1 . 2 7 . 3 . 5 . 6 3 16 9 . 9 Device 55 | . 3 . . . . . 8 4 . . 1 4 . 2 . 2 . 4 2 12 9 . 4 Storage 1 | . . . . . . . . 1 . . . . . . . . . . . . . . . Processor 19 | . 2 . . 2 4 2 2 . . . . 1 . 1 . 1 . 2 1 . . . 1 Hackware 10 | . . . . . 1 4 1 . . . . 2 . . . . . . . 1 . . 1 Protection 23 | . . . . 1 7 3 1 1 1 . 1 . . . . 2 . . . 3 . . 3 Artifact . | . . . . . . . . . . . . . . . . . . . . . . . . Weapon 50 | 2 1 1 2 3 3 3 4 10 . . 1 . . . . 5 1 7 . 2 3 2 . Energy Gun 4 | . . 1 2 . . . . . . . . . . . . 1 . . . . . . . Energy Cannon 1 | . . . . . . . . . . . . . . . . 1 . . . . . . . Ballistic Gun 4 | 2 1 . . . . . . 1 . . . . . . . . . . . . . . . Ballistic Cannon . | . . . . . . . . . . . . . . . . . . . . . . . . Launcher 7 | . . . . . . . . . . . 1 . . . . 2 1 3 . . . . . Special Weapon 3 | . . . . 1 . . 1 . . . . . . . . . . . . . . 1 . Impact Weapon 5 | . . . . . . 2 3 . . . . . . . . . . . . . . . . Slashing Weapon 24 | . . . . 2 3 1 . 9 . . . . . . . 1 . 4 . . 3 1 . Piercing Weapon 1 | . . . . . . . . . . . . . . . . . . . . 1 . . . Special Melee Weapon 1 | . . . . . . . . . . . . . . . . . . . . 1 . . . Unidentified Prototypes 31 | . . . . . 1 1 3 1 1 . . 1 1 . . 8 . 1 . 3 8 . 2 Parts Lost 6 | . . . . 1 . . 1 . 1 . 1 . . . . . . . . 1 . . 1 Power . | . . . . . . . . . . . . . . . . . . . . . . . . Propulsion . | . . . . . . . . . . . . . . . . . . . . . . . . Utility 6 | . . . . 1 . . 1 . 1 . 1 . . . . . . . . 1 . . 1 Weapon . | . . . . . . . . . . . . . . . . . . . . . . . . Highest Loss Streak 1 | . . . . 1 . . 1 . 1 . 1 . . . . . . . . 1 . . 1 Average Slot Usage (%) 98 | . 93 100 100 96 98 99 98 98 99 100 97 99 100 100 100 99 99 99 100 98 96 96 95 Engine 1 | . 14 8 . . . 3 1 . . . . . . . . . . . . . . . . Core 5 | . . 3 11 10 7 2 6 9 9 9 9 9 9 9 9 8 8 5 4 4 4 4 3 Reactor 1 | . . . . . . . . . . . . . . . . . . 2 4 4 4 4 3 Hover 1 | . 6 25 11 . . . . . . . . . . . . . . . . . . . . Flight 21 | . . 6 22 29 26 25 24 22 22 22 22 22 22 22 22 21 21 20 20 22 24 24 23 Device 11 | . 16 11 11 7 . . 12 13 18 18 15 13 13 13 13 13 13 13 12 14 15 16 16 Processor 22 | . 18 22 22 24 28 25 20 18 18 18 18 18 18 18 18 19 21 21 25 24 24 24 24 Hackware 9 | . . . . . 7 17 9 9 9 9 9 12 13 13 13 13 13 12 12 9 8 8 7 Protection 4 | . . . . 4 7 5 4 5 3 4 4 4 4 4 4 4 4 4 4 3 4 4 3 Ballistic Gun 1 | . 14 11 11 2 . . . . . . . . . . . . . . . . . . . Launcher 1 | . . . . . . . . . . . . 4 4 4 4 3 3 3 4 . . . . Impact Weapon 1 | . . . . . . 3 9 7 4 4 3 . . . . . . . . . . . . Slashing Weapon 11 | . . . . 15 18 15 6 9 13 13 13 13 13 13 13 13 13 12 12 12 12 12 11 Naked Turns . | . . . . . . . . . . . . . . . . . . . . . . . . Heaviest Build 63 | 5 8 11 11 16 20 25 41 45 45 44 46 46 41 45 45 47 45 57 58 59 61 58 63 Greatest Support 77 | 20 20 18 13 17 29 29 42 46 46 46 46 46 48 48 48 55 55 59 58 69 69 69 77 Greatest Overweight (x) 3 | . 1 1 . . . . 1 3 . . . . . . . 2 2 . 3 1 . . . Average Overweight (x) . | . . . . . . . . . . . . . . . . . . . . . . . . Largest Inventory Capacity 5 | 2 2 2 2 2 2 2 2 2 2 2 2 2 2 2 2 3 3 3 3 3 5 5 5 Average Capacity 2 | 2 2 2 2 2 2 2 2 2 2 2 2 2 2 2 2 2 3 3 3 3 4 5 5 Most Carried 5 | 2 2 2 2 2 2 2 2 2 2 2 2 2 2 2 2 3 3 3 3 3 5 5 5 Average Carried 2 | . 1 1 1 1 1 1 1 1 2 1 1 2 1 2 2 2 2 2 2 2 4 5 4 Final Capacity 5 | 2 2 2 2 2 2 2 2 2 2 2 2 2 2 2 2 3 3 3 3 3 5 5 5 Final Carried 5 | 2 2 2 2 2 2 2 2 2 2 2 2 2 2 2 2 3 3 3 3 3 5 5 5 Class Distribution -------------------- 47% | Hacker-Scout 14% | Scavenger-Scout 12% | Machinist-Scout 9% | Hacker-Sprinter 6% | Mutant 5% | Scavenger-Mutant Dominant Class ---------------- Mutant | -10/Materials Mutant | -10/Mines Scavenger-Mutant | -10/Exiles Scavenger-Mutant | -9/Mines Scavenger-Scout | -8/Materials Hacker-Scout | -7/Factory Hacker-Scout | -6/Factory Commander-Scout | -6/Extension Hacker-Scout | -6/Cetus Scavenger-Scout | -6/Archives Scavenger-Scout | -6/Hub_04(d) Hacker-Scout | -5/Factory Hacker-Scout | -5/Waste Hacker-Scout | -5/Factory Hacker-Sprinter | -5/Upper Caves Hacker-Sprinter | -5/Warlord Hacker-Sprinter | -4/Proximity Caves Hacker-Scout | -4/Factory Hacker-Scout | -4/Armory Machinist-Scout | -3/Research Machinist-Scout | -3/Quarantine Machinist-Scout | -2/Research Machinist-Scout | -1/Access Resources | -11 -10 -10 -10 -9 -8 -7 -6 -6 -6 -6 -6 -5 -5 -5 -5 -5 -4 -4 -4 -3 -3 -2 -1 ----------- Run | Scr Mat Min Exi Min Mat Fac Fac Ext Cet Arc Hub Fac Was Fac Upp War Pro Fac Arm Res Qua Res Acc Matter Collected 3055 | 250 360 159 . 120 240 160 240 201 10 10 24 118 10 30 . 140 10 207 112 230 200 20 204 Remotely 525 | . 296 159 . 70 . . . . . . . . . . . . . . . . . . . Salvage Created 37306 | . 561 181 . 127 2332 1427 2788 3758 661 379 1775 704 . 300 670 263 1200 4212 3573 4651 346 1254 6144 Parts 1719 | . 32 15 . 20 129 93 136 170 17 13 69 29 . 25 34 25 50 183 170 220 34 45 210 Haulers Intercepted 44 | . 1 . . . 6 6 4 2 . . 4 1 . . . . . 6 . 7 . 2 5 Recyclers Shooed 2 | . 2 . . . . . . . . . . . . . . . . . . . . . . Parts Field Recycled . | . . . . . . . . . . . . . . . . . . . . . . . . Retrieved Matter . | . . . . . . . . . . . . . . . . . . . . . . . . Parts Self-Destructed 192 | . . . . . . . . . . . . . . . 35 107 50 . . . . . . Prevented 24 | . . . . . . . . . . . . . . . . 24 . . . . . . . Kills | -11 -10 -10 -10 -9 -8 -7 -6 -6 -6 -6 -6 -5 -5 -5 -5 -5 -4 -4 -4 -3 -3 -2 -1 ------- Run | Scr Mat Min Exi Min Mat Fac Fac Ext Cet Arc Hub Fac Was Fac Upp War Pro Fac Arm Res Qua Res Acc Combat Hostiles Destroyed 613 | . 7 7 . 10 53 28 40 68 9 4 18 7 . 8 13 9 32 55 63 63 7 17 95 Melee 597 | . . . . 10 53 28 40 68 9 4 18 7 . 8 13 9 32 55 61 63 7 17 95 Guns 14 | . 7 7 . . . . . . . . . . . . . . . . . . . . . AOE 2 | . . . . . . . . . . . . . . . . . . . 2 . . . . Classes Destroyed 24 | . 7 . . 1 4 1 3 2 . . . . . . . 2 . . 1 . 2 . 1 Worker 8 | . 1 . . . . . 2 . . . 4 . . . . . . . . . . . 1 Builder 1 | . 1 . . . . . . . . . . . . . . . . . . . . . . Tunneler 2 | . . . . . . . 1 . . . . . . . . . . 1 . . . . . Hauler 44 | . 1 . . . 6 6 4 2 . . 4 1 . . . . . 6 . 7 . 2 5 Recycler 7 | . 2 . . . . . . 1 . . 2 . . . . . . 1 . . . . 1 Carrier 2 | . . . . . . . 1 . . . . . . . . . . . 1 . . . . Operator 23 | . . . . . 4 3 4 . . 2 2 1 . . . . . 2 1 2 . 1 1 Watcher 59 | . 3 . . . 5 3 7 2 1 . 5 6 . 2 . . . 9 4 8 . . 4 Swarmer 123 | . 3 5 . 7 20 3 6 8 2 . . . . 2 1 1 22 7 9 6 . 3 18 Saboteur 5 | . . . . . . . . . . . . . . . . . . . 1 1 . . 3 Grunt 204 | . 4 2 . 2 18 15 17 24 3 . 11 3 . . 5 . 4 17 19 24 3 6 27 Brawler 28 | . . . . . 1 1 . 7 . . . . . . 2 2 . 2 2 4 . . 7 Duelist 24 | . . . . 1 2 . 2 2 1 . . 1 . . . . 3 2 1 . . . 9 Protector 4 | . . . . . . . . . . . . . . . . 1 . . 2 . . . 1 Researcher 1 | . . . . . . . . . . . . . . . . . . . . . 1 . . Sentry 99 | . . . . . 10 6 7 15 . 4 6 1 . 3 1 . 2 14 10 5 1 4 10 Demolisher 9 | . . . . . . . . 5 . . . . . . . . . . 2 . . . 2 Specialist 4 | . . . . . . . . 2 . . . . . . . . . . 2 . . . . Hunter 49 | . . . . . 2 1 3 3 . . . . . 2 3 2 . 7 2 12 . 2 10 Programmer 49 | . . . . . . 2 4 2 . . 1 2 . 1 1 . . 5 12 11 2 1 5 Behemoth 5 | . . . . . . . 1 . . . . . . . . . 1 1 1 . . 1 . Cetus Guard 3 | . . . . . . . . . 3 . . . . . . . . . . . . . . Investigator 2 | . . . . . . . . . . . . . . . . . . . . . . . 2 Striker 4 | . . . . . . . . . . . . . . . . 2 . . . . . . 2 Executioner 1 | . . . . . . . . . . . . . . . . . . . . . . . 1 Alpha 7 1 | . . . . . . . . . . . . . . . . . . . . . 1 . . Thug 1 | . . . . . . . . . . . . . . . . 1 . . . . . . . Best Kill Streak 35 | . 4 5 . 3 10 8 7 27 10 2 9 5 . 4 8 3 11 11 17 11 5 5 35 Combat Bots Only 27 | . 3 5 . 3 9 6 6 27 8 2 5 3 . 3 8 3 11 9 17 11 5 5 24 Max Kills in Single Turn 5 | . 1 1 . 1 2 1 1 2 1 1 5 1 . 1 1 1 2 1 2 1 1 2 2 Gunslinging . | . . . . . . . . . . . . . . . . . . . . . . . . Exploded 2 | . . . . . . . . . . . . . . . . . . . 2 . . . . Melee 2 | . . . . 1 2 1 1 2 1 1 1 1 . 1 1 1 2 1 1 1 1 2 2 Uniques/NPCs Destroyed . | . . . . . . . . . . . . . . . . . . . . . . . . Combat | -11 -10 -10 -10 -9 -8 -7 -6 -6 -6 -6 -6 -5 -5 -5 -5 -5 -4 -4 -4 -3 -3 -2 -1 -------- Run | Scr Mat Min Exi Min Mat Fac Fac Ext Cet Arc Hub Fac Was Fac Upp War Pro Fac Arm Res Qua Res Acc Damage Taken 23384 | . 556 298 . 122 1239 768 1305 2925 656 121 802 483 29 310 592 383 1296 1857 1581 1939 979 627 4516 Core 16503 | . 447 248 . 92 827 526 905 1895 464 90 500 361 23 226 398 262 916 1280 1083 1400 769 475 3316 Absorbed by Shields 887 | . . . . . . 18 12 500 . . . . . 19 . 88 . . . . . . 250 Redirected to Core 13340 | . 343 160 . 49 555 356 624 1534 350 68 403 294 23 172 338 179 799 1076 860 1059 666 450 2982 Core Remaining (%) 77 | 100 . . . 75 96 95 . . . . 81 . . . . . 66 . 99 . 37 97 31 Volleys Fired 134 | . 90 33 . . . . . 4 . . 3 . . . . . . . 4 . . . . Largest 2 | . 1 2 . . . . . 1 . . 1 . . . . . . . 1 . . . . Hottest 73 | . 23 73 . . . . . 28 . . 39 . . . . . . . 49 . . . . Shots Fired 139 | . 90 38 . . . . . 4 . . 3 . . . . . . . 4 . . . . Gun 132 | . 90 38 . . . . . 4 . . . . . . . . . . . . . . . Cannon . | . . . . . . . . . . . . . . . . . . . . . . . . Launcher 7 | . . . . . . . . . . . 3 . . . . . . . 4 . . . . Special . | . . . . . . . . . . . . . . . . . . . . . . . . Kinetic 127 | . 90 33 . . . . . 4 . . . . . . . . . . . . . . . Thermal 5 | . . 5 . . . . . . . . . . . . . . . . . . . . . Explosive 7 | . . . . . . . . . . . 3 . . . . . . . 4 . . . . Electromagnetic . | . . . . . . . . . . . . . . . . . . . . . . . . Robot Hit Streak 7 | . 7 4 . . . . . . . . . . . . . . . . 1 . . . . Robot Miss Streak 6 | . 3 6 . . . . . . . . . . . . . . . . 1 . . . . Penetration Max . | . . . . . . . . . . . . . . . . . . . . . . . . Secondary Targets . | . . . . . . . . . . . . . . . . . . . . . . . . Shots Hit Robots 2201 | . 61 17 . 17 178 100 159 218 45 17 84 42 . 32 43 31 88 257 194 238 29 54 297 Core Hits 1021 | . 22 8 . 11 64 41 65 88 14 8 40 17 . 12 15 20 38 122 107 123 11 32 163 Critical Hits 184 | . 1 1 . . 5 4 5 6 2 . 5 2 . 1 2 1 4 14 21 24 3 12 71 Critical Kills 71 | . . . . . 1 2 3 3 1 . . 2 . 1 . . . 6 7 8 1 3 33 Critical Parts Destroyed 95 | . 1 1 . . 4 2 1 3 1 . 5 . . . 2 1 4 7 11 13 2 6 31 Melee Attacks 2500 | . . . . 18 190 115 188 246 50 20 101 51 . 34 49 35 99 284 250 276 49 98 347 Impact 131 | . . . . . . 8 51 50 6 3 13 . . . . . . . . . . . . Slashing 2354 | . . . . 18 190 107 137 196 44 17 88 51 . 34 49 35 99 284 250 265 45 98 347 Piercing 15 | . . . . . . . . . . . . . . . . . . . . 11 4 . . Sneak Attacks 155 | . . . . . 20 10 15 11 . 2 15 2 . 1 3 . 5 18 10 18 4 8 13 Combat Hostiles 65 | . . . . . 8 3 4 4 . . 6 . . 1 3 . 5 8 10 5 2 5 1 Follow-up Attacks 547 | . . . . . 20 13 38 59 17 5 24 11 . 9 11 9 23 63 53 71 12 18 91 Damage Inflicted 139961 | . 900 255 . 792 10331 5881 9218 12038 2382 1170 6738 2588 . 1923 2546 1532 5178 16737 12564 16247 2349 4355 24237 Guns 1155 | . 900 255 . . . . . . . . . . . . . . . . . . . . . Cannons . | . . . . . . . . . . . . . . . . . . . . . . . . Explosions 1379 | . . . . . . . . 101 . . 853 . . . . . . . 425 . . . . Melee 137427 | . . . . 792 10331 5881 9218 11937 2382 1170 5885 2588 . 1923 2546 1532 5178 16737 12139 16247 2349 4355 24237 Ramming . | . . . . . . . . . . . . . . . . . . . . . . . . Kinetic 1118 | . 900 218 . . . . . . . . . . . . . . . . . . . . . Thermal 138 | . . 37 . . . . . 101 . . . . . . . . . . . . . . . Explosive 425 | . . . . . . . . . . . . . . . . . . . 425 . . . . Electromagnetic 853 | . . . . . . . . . . . 853 . . . . . . . . . . . . Impact 3149 | . . . . . . 219 1033 1262 154 66 415 . . . . . . . . . . . . Slashing 133650 | . . . . 792 10331 5662 8185 10675 2228 1104 5470 2588 . 1923 2546 1532 5178 16737 12139 15722 2246 4355 24237 Piercing 628 | . . . . . . . . . . . . . . . . . . . . 525 103 . . Highest Corruption 6 | . . . . . . 1 3 3 . . 1 1 1 1 . . . 4 3 1 1 . 6 Average Corruption 1 | . . . . . . 1 1 1 . . 1 1 1 1 . . . 3 1 1 1 . 3 Corruption Purged 18 | . . . . . . . 2 4 . . 1 . . 1 . . . 4 3 3 . . . Effects 36 | . . . . . . 2 4 4 . . . . . . . . . 9 11 1 . . 5 Message Errors 9 | . . . . . . . 2 . . . . . . . . . . 4 2 1 . . . Matter Fused 4 | . . . . . . . 1 1 . . . . . . . . . 1 . . . . 1 Heat Flow Errors 2 | . . . . . . . . 1 . . . . . . . . . . 1 . . . . Energy Discharges 9 | . . . . . . 2 . 1 . . . . . . . . . 1 3 . . . 2 Data Loss (minor) 4 | . . . . . . . . . . . . . . . . . . . 3 . . . 1 Targeting Errors 8 | . . . . . . . 1 1 . . . . . . . . . 3 2 . . . 1 Overload Shots . | . . . . . . . . . . . . . . . . . . . . . . . . Overflow Damage 13373 | . . . . 123 1806 541 1385 1136 172 316 683 310 . 131 252 54 322 1450 823 1179 423 22 2245 Projectiles . | . . . . . . . . . . . . . . . . . . . . . . . . Explosions 125 | . . . . . . . . 66 . . 24 . . . . . . . 35 . . . . Melee 13248 | . . . . 123 1806 541 1385 1070 172 316 659 310 . 131 252 54 322 1450 788 1179 423 22 2245 Knockbacks 8 | . . . . . . . 2 4 1 . 1 . . . . . . . . . . . . Impact 8 | . . . . . . . 2 4 1 . 1 . . . . . . . . . . . . Kinetic . | . . . . . . . . . . . . . . . . . . . . . . . . Secondary . | . . . . . . . . . . . . . . . . . . . . . . . . Self-Inflicted Damage 189 | . . . . . . . . . . . 189 . . . . . . . . . . . . Shots 2 | . . . . . . . . . . . 2 . . . . . . . . . . . . Rammed . | . . . . . . . . . . . . . . . . . . . . . . . . Targets Rammed . | . . . . . . . . . . . . . . . . . . . . . . . . Kicked . | . . . . . . . . . . . . . . . . . . . . . . . . Crushed . | . . . . . . . . . . . . . . . . . . . . . . . . Highest Temperature 225 | . 4 105 . . 12 . 225 172 8 9 18 . . . 11 7 12 93 220 54 . 6 9 Average Temperature 20 | . 4 51 . . 5 . 13 19 4 9 7 . . . 6 4 6 20 25 14 . 6 7 Received Heat Transfer 3758 | . 222 48 . 6 369 234 273 720 162 18 240 66 . 9 165 42 102 177 162 225 120 99 299 Siege Activations . | . . . . . . . . . . . . . . . . . . . . . . . . Robots Corrupted 1 | . . . . . . . . . . . 1 . . . . . . . . . . . . Combat Hostiles . | . . . . . . . . . . . . . . . . . . . . . . . . Parts Fried 9 | . . . . . . 1 . 2 . . 6 . . . . . . . . . . . . Impact Corruptions 20 | . . . . . . 3 9 5 1 . 2 . . . . . . . . . . . . Robots Melted . | . . . . . . . . . . . . . . . . . . . . . . . . Combat Hostiles . | . . . . . . . . . . . . . . . . . . . . . . . . Parts Melted 3 | . 1 . . . . . . 1 . . . . . . . 1 . . . . . . . Heat Transferred 161 | . . 111 . . . . . 50 . . . . . . . . . . . . . . . Parts Sabotaged 5 | . . . . . . . . . . . . . . . . . . . . 2 . . 3 Parts Stolen . | . . . . . . . . . . . . . . . . . . . . . . . . Parts Stripped . | . . . . . . . . . . . . . . . . . . . . . . . . Power Chain Reactions 1 | . . . . . . . . . . . 1 . . . . . . . . . . . . Missiles Intercepted . | . . . . . . . . . . . . . . . . . . . . . . . . Alert | -11 -10 -10 -10 -9 -8 -7 -6 -6 -6 -6 -6 -5 -5 -5 -5 -5 -4 -4 -4 -3 -3 -2 -1 ------- Run | Scr Mat Min Exi Min Mat Fac Fac Ext Cet Arc Hub Fac Was Fac Upp War Pro Fac Arm Res Qua Res Acc Peak Influence 4339 | . 229 205 . 150 1076 1156 1079 2548 1620 798 851 611 118 855 . . . 1412 1697 2263 2040 2216 4339 Average Influence 873 | . 93 102 . 94 514 799 719 1366 1535 726 289 430 101 314 . . . 618 631 1299 1762 1732 2991 Maximum Alert Level 5 | . 1 1 . . 3 4 3 5 5 3 3 2 . 3 . . . 4 5 5 5 5 5 Low Security (%) 19 | 100 93 78 . 100 11 . . . . . 30 14 100 54 . . . 15 27 . . . . Level 1 10 | . 6 21 . . 16 . 2 . . . 48 . . 19 . . . 31 20 . . . . Level 2 20 | . . . . . 51 33 49 17 . 44 19 85 . 2 . . . 14 12 . . . . Level 3 21 | . . . . . 20 55 48 26 . 55 1 . . 23 . . . 17 14 32 . . . Level 4 14 | . . . . . . 11 . 21 80 . . . . . . . . 21 19 50 . 42 9 Level 5 4 | . . . . . . . . . 19 . . . . . . . . . 5 17 . 41 9 High Security 7 | . . . . . . . . 33 . . . . . . . . . . . . . 15 81 Max Security 1 | . . . . . . . . . . . . . . . . . . . . . 99 . . Squads Dispatched 137 | . . . . . 8 7 8 19 . . 10 4 . 2 . . . 11 9 17 12 1 29 Investigation 14 | . . . . . 3 1 2 . . . 1 1 . . . . . 4 . 2 . . . Extermination 17 | . . . . . . 1 2 . . . 1 1 . 1 . . . 3 5 3 . . . Reinforcement 22 | . . . . . 3 3 1 1 . . 4 1 . 1 . . . 2 1 4 . 1 . Assault 69 | . . . . . 1 1 . 18 . . 2 1 . . . . . 1 3 8 12 . 22 Garrison 15 | . . . . . 1 1 3 . . . 2 . . . . . . 1 . . . . 7 Intercept . | . . . . . . . . . . . . . . . . . . . . . . . . Construction Impeded 2 | . . . . . . . . . . . 1 . . 1 . . . . . . . . . Haulers Reinforced 8 | . . . . . . 2 1 . . . 2 . . . . . . 1 . 2 . . . Stealth | -11 -10 -10 -10 -9 -8 -7 -6 -6 -6 -6 -6 -5 -5 -5 -5 -5 -4 -4 -4 -3 -3 -2 -1 --------- Run | Scr Mat Min Exi Min Mat Fac Fac Ext Cet Arc Hub Fac Was Fac Upp War Pro Fac Arm Res Qua Res Acc Distress Signals 38 | . 3 . . . 4 1 2 4 1 . 3 . . 2 . 1 . 1 2 3 1 4 6 Communications Jammed . | . . . . . . . . . . . . . . . . . . . . . . . . Distress Signals . | . . . . . . . . . . . . . . . . . . . . . . . . Times Spotted 1040 | . 17 8 . 10 77 41 55 154 15 6 31 15 5 22 12 34 36 71 74 93 79 22 163 Peak Tracking Total 46 | . 4 5 . 3 6 4 4 24 6 2 18 5 4 12 8 8 6 9 10 8 46 4 24 Tactical Retreats 60 | . . . . 1 7 3 1 6 2 . 1 . 1 1 1 . 5 4 6 3 7 . 11 Traps | -11 -10 -10 -10 -9 -8 -7 -6 -6 -6 -6 -6 -5 -5 -5 -5 -5 -4 -4 -4 -3 -3 -2 -1 ------- Run | Scr Mat Min Exi Min Mat Fac Fac Ext Cet Arc Hub Fac Was Fac Upp War Pro Fac Arm Res Qua Res Acc Traps Triggered 18 | . . . . . 1 4 4 . . . . 2 . 1 . . . 1 2 2 . . 1 Indirectly . | . . . . . . . . . . . . . . . . . . . . . . . . Trap Hack Attempts . | . . . . . . . . . . . . . . . . . . . . . . . . Triggered . | . . . . . . . . . . . . . . . . . . . . . . . . Disarmed . | . . . . . . . . . . . . . . . . . . . . . . . . Reprogrammed . | . . . . . . . . . . . . . . . . . . . . . . . . Reused . | . . . . . . . . . . . . . . . . . . . . . . . . Traps Extracted . | . . . . . . . . . . . . . . . . . . . . . . . . Installed 1 | . . . . 1 . . . . . . . . . . . . . . . . . . . Triggered 7 | . . . . . . . . . . . . . . . . 7 . . . . . . . Machines | -11 -10 -10 -10 -9 -8 -7 -6 -6 -6 -6 -6 -5 -5 -5 -5 -5 -4 -4 -4 -3 -3 -2 -1 ---------- Run | Scr Mat Min Exi Min Mat Fac Fac Ext Cet Arc Hub Fac Was Fac Upp War Pro Fac Arm Res Qua Res Acc Machines Disabled 63 | . . . . . . . . 4 . . 40 . . . 1 1 . . 9 . 8 . . Max in Single Turn 23 | . . . . . . . . 2 . . 23 . . . 1 1 . . 1 . 1 . . Garrison Access 7 | . . . . . 1 . 1 . . . . 1 . . . . . 2 . 1 . 1 . Network Hub 2 | . . . . . . . . . . . 2 . . . . . . . . . . . . Energy Cycler 4 | . . . . . . . . 3 . . . . . . . . . . 1 . . . . Machines Sabotaged . | . . . . . . . . . . . . . . . . . . . . . . . . Garrisons Compromised . | . . . . . . . . . . . . . . . . . . . . . . . . Overloaded Fab Kills . | . . . . . . . . . . . . . . . . . . . . . . . . Fab Network Shutdowns 2 | . . . . . . . . . . . . . . . . . . 1 1 . . . . Hacking | -11 -10 -10 -10 -9 -8 -7 -6 -6 -6 -6 -6 -5 -5 -5 -5 -5 -4 -4 -4 -3 -3 -2 -1 --------- Run | Scr Mat Min Exi Min Mat Fac Fac Ext Cet Arc Hub Fac Was Fac Upp War Pro Fac Arm Res Qua Res Acc Machines Accessed 172 | . 3 . 3 1 15 14 31 9 3 1 8 9 . 5 3 4 . 25 14 14 1 3 6 Terminals 94 | . 3 . . 1 9 5 19 8 3 . 8 4 . 3 . . . 13 8 6 1 1 2 Fabricators 21 | . . . . . . 2 3 . . . . 2 . 1 . . . 4 4 2 . 1 2 Repair Stations 6 | . . . . . 1 1 1 . . . . 1 . . . . . 1 . 1 . . . Recycling Units 16 | . . . . . 2 3 2 1 . . . 1 . . . . . 4 2 1 . . . Scanalyzers 12 | . . . . . 2 1 4 . . . . . . 1 . . . 1 . 2 . . 1 Garrison Access 12 | . . . . . 1 2 2 . . . . 1 . . . . . 2 . 2 . 1 1 Total Hacks 781 | . 5 . 4 5 62 40 96 25 4 25 60 57 . 15 8 8 . 158 90 71 1 29 18 Successful 485 | . 2 . 4 3 38 24 47 13 4 25 35 31 . 10 8 8 . 112 57 40 1 14 9 Failed 291 | . 3 . . 2 23 15 49 12 . . 25 26 . 5 . . . 43 33 31 . 15 9 Catastrophic 56 | . 1 . . . 6 1 12 2 . . 6 4 . 2 . . . 6 4 7 . 2 3 Database Lockouts 6 | . . . . . 1 1 . . . . . . . . . . . 4 . . . . . Manual 327 | . 4 . 1 5 37 14 48 16 2 . 28 25 . 7 . . . 42 41 39 . 12 6 Terminals 545 | . 5 . . 5 40 15 62 24 4 . 60 36 . 11 . . . 121 76 50 1 26 9 Fabricators 60 | . . . . . . 6 8 . . . . 9 . 2 . . . 15 9 4 . 2 5 Repair Stations 17 | . . . . . 2 2 3 . . . . 4 . . . . . 4 . 2 . . . Recycling Units 39 | . . . . . 8 6 3 1 . . . 4 . . . . . 9 5 3 . . . Scanalyzers 47 | . . . . . 10 4 17 . . . . . . 2 . . . 6 . 6 . . 2 Garrison Access 28 | . . . . . 2 7 3 . . . . 4 . . . . . 3 . 6 . 1 2 Terminal Hacks 285 | . 1 . 4 3 14 3 20 7 2 25 31 15 . 5 8 8 . 69 36 20 1 10 3 Record 82 | . . . 3 . . . 3 . 1 25 5 1 . . 7 7 . 23 1 2 . 2 2 Part Schematic 35 | . . . . 3 1 2 2 . . . 7 2 . . . . . 9 5 4 . . . Robot Schematic 2 | . . . . . . . . . . . . . . . . . . 2 . . . . . Robot Analysis 8 | . . . . . 2 1 2 . . . . 1 . 1 . . . 1 . . . . . Prototype ID Bank 29 | . 1 . . . 2 . 2 2 . . 4 3 . . . . . 6 3 4 . 1 1 Open Door 8 | . . . . . . . 1 2 1 . . . . . 1 1 . . . 1 1 . . Level Access Points 5 | . . . . . . . . . . . . 1 . . . . . 1 1 1 . 1 . Branch Access Points 9 | . . . . . 1 . 1 . . . 1 1 . 1 . . . 1 2 1 . . . Emergency Access Points 3 | . . . . . . . . . . . . . . . . . . . 2 . . 1 . Machine Index 2 | . . . . . . . 1 . . . . . . . . . . 1 . . . . . Terminal Index 10 | . . . . . 2 . 1 . . . 1 1 . 1 . . . 1 1 1 . 1 . Fabricator Index 2 | . . . . . . . . . . . . . . 1 . . . . 1 . . . . Recycling Unit Index 1 | . . . . . . . . . . . . . . . . . . . . . . 1 . Alert Level 15 | . . . . . . . 1 . . . 4 1 . . . . . 5 3 . . 1 . Unreport Threat 32 | . . . . . 3 . 4 1 . . 6 3 . . . . . 6 6 3 . . . Locate Traps 10 | . . . . . . . 1 . . . 1 . . . . . . 4 4 . . . . Dispatch Records 1 | . . . . . . . . . . . . . . . . . . 1 . . . . . Maintenance Status 1 | . . . . . . . . . . . . . . . . . . . . 1 . . . Security Status 1 | . . . . . . . . . . . . . . . . . . 1 . . . . . Patrol Status 1 | . . . . . . . . . . . . . . . . . . . 1 . . . . Recall Investigation 3 | . . . . . 1 . . . . . . . . . . . . 2 . . . . . Recall Reinforcements 3 | . . . . . 2 . . . . . 1 . . . . . . . . . . . . Recall Assault 1 | . . . . . . . . . . . . . . . . . . 1 . . . . . Hauler Manifests 4 | . . . . . . . . . . . . . . . . . . 2 . 1 . 1 . Registered Components 5 | . . . . . . . . 1 . . . 1 . 1 . . . 1 1 . . . . Registered Prototypes 4 | . . . . . . . . 1 . . 1 . . . . . . 1 1 . . . . Zone Layout 7 | . . . . . . . 1 . . . . . . . . . . . 4 1 . 1 . EX-Prototype ID Bank 1 | . . . 1 . . . . . . . . . . . . . . . . . . . . Fabricator Hacks 42 | . . . . . . 5 5 . . . . 6 . 2 . . . 9 9 3 . 1 2 Network Status 3 | . . . . . . . . . . . . . . . . . . 1 1 . . . 1 Load Schematic 16 | . . . . . . 2 3 . . . . 3 . 1 . . . 2 4 1 . . . Build 23 | . . . . . . 3 2 . . . . 3 . 1 . . . 6 4 2 . 1 1 Repair Station Hacks 14 | . . . . . 2 2 2 . . . . 2 . . . . . 4 . 2 . . . Scan Component 7 | . . . . . 1 1 1 . . . . 1 . . . . . 2 . 1 . . . Repair 7 | . . . . . 1 1 1 . . . . 1 . . . . . 2 . 1 . . . Recycling Unit Hacks 19 | . . . . . 4 4 2 1 . . . 1 . . . . . 5 2 . . . . Process 1 | . . . . . 1 . . . . . . . . . . . . . . . . . . Report Inventory 15 | . . . . . 2 3 2 1 . . . 1 . . . . . 4 2 . . . . Retrieve Components 3 | . . . . . 1 1 . . . . . . . . . . . 1 . . . . . Scanalyzer 38 | . . . . . 10 4 10 . . . . . . 2 . . . 6 . 5 . . 1 Insert Component 19 | . . . . . 3 2 6 . . . . . . 1 . . . 3 . 3 . . 1 Analyze 19 | . . . . . 7 2 4 . . . . . . 1 . . . 3 . 2 . . . Garrison Access Hacks 8 | . . . . . 1 1 1 . . . . 1 . . . . . 2 . 1 . 1 . Seal Access 7 | . . . . . 1 . 1 . . . . 1 . . . . . 2 . 1 . 1 . Coupler Status 1 | . . . . . . 1 . . . . . . . . . . . . . . . . . Unauthorized Hacks 197 | . 4 . . . 16 12 20 15 4 . 9 13 . 2 . . . 37 26 27 . 5 7 Terminals 61 | . 1 . . . 6 3 6 5 2 . 4 4 . 1 . . . 11 7 7 . 2 2 Track 10 | . . . . . 1 . . 1 . . . . . . . . . 3 2 2 . 1 . Assimilate 7 | . . . . . 1 1 2 1 . . . . . . . . . . . 1 . . 1 Botnet 42 | . 1 . . . 4 2 4 3 2 . 4 4 . 1 . . . 7 5 3 . 1 1 Operators 2 | . . . . . . . . . . . . . . . . . . 1 . 1 . . . Fabricators 2 | . . . . . . . . . . . . . . . . . . 2 . . . . . Siphon 2 | . . . . . . . . . . . . . . . . . . 2 . . . . . Repair Stations . | . . . . . . . . . . . . . . . . . . . . . . . . Recycling Units 11 | . . . . . 1 . 1 . . . . 2 . . . . . 4 3 . . . . Monitor 4 | . . . . . . . . . . . . 1 . . . . . 2 1 . . . . Mask 7 | . . . . . 1 . 1 . . . . 1 . . . . . 2 2 . . . . Scanalyzers . | . . . . . . . . . . . . . . . . . . . . . . . . Garrison Access 5 | . . . . . . 2 . . . . . . . . . . . . . 2 . . 1 Reprogram 4 | . . . . . . 1 . . . . . . . . . . . . . 2 . . 1 Watchers 1 | . . . . . . 1 . . . . . . . . . . . . . . . . . Data Cores Recovered 10 | . . . . . 1 2 4 . . . 1 . . . . . . 1 . 1 . . . Used 5 | . . . . . 1 . 2 . . . . . . . . . . 1 . 1 . . . Hacking Detections 118 | . 3 . . 1 13 10 26 7 . . 8 5 . 3 . . . 17 7 10 . 2 6 Full Trace Events 8 | . . . . . 1 . 2 . . . 1 1 . . . . . 1 . 2 . . . Feedback Events 3 | . . . . . . . 1 . . . . . . . . . . . . 2 . . . Corruption 1 | . . . . . . . . . . . . . . . . . . . . 1 . . . Hackware Fried 2 | . . . . . . . 1 . . . . . . . . . . . . 1 . . . Feedback Blocked . | . . . . . . . . . . . . . . . . . . . . . . . . Robot Schematics Acquired 2 | . . . . . . . . . . . . . . . . . . 2 . . . . . Robots Built 2 | . . . . . . . . . . . . . . . . . . 1 . . . 1 . Matter 822 | . . . . . . . . . . . . . . . . . . 153 . . . 285 384 Time 158 | . . . . . . . . . . . . . . . . . . 40 . . . 50 68 Total Robot Build Rating 6 | . . . . . . . . . . . . . . . . . . 1 . . . 5 . Part Schematics Acquired 49 | . . . . 3 4 4 6 . . . 7 2 . 1 . . . 11 5 6 . . . Parts Built 20 | . . . . . . 3 2 . . . . 3 . 1 . . . 2 6 3 . . . Matter 4123 | . . . . . . 526 475 . . . . 709 . 234 . . . 636 1053 490 . . . Time 1432 | . . . . . . 130 171 . . . . 293 . 117 . . . 168 472 81 . . . Total Part Build Rating 128 | . . . . . . 13 10 . . . . 17 . 7 . . . 12 46 23 . . . Parts Repaired 7 | . . . . . 1 1 1 . . . . 1 . . . . . 2 . 1 . . . Time 242 | . . . . . 26 22 18 . . . . 22 . . . . . 118 . 36 . . . Parts Recycled . | . . . . . . . . . . . . . . . . . . . . . . . . Recycled Matter 406 | . . . . . 406 . . . . . . . . . . . . . . . . . . Retrieved Matter . | . . . . . . . . . . . . . . . . . . . . . . . . Retrieved Components 16 | . . . . . 3 3 . . . . . . . . . . . 10 . . . . . Parts Scanalyzed 15 | . . . . . 3 2 4 . . . . . . 1 . . . 2 . 2 . . 1 Part Schematics Acquired 14 | . . . . . 3 2 4 . . . . . . 1 . . . 2 . 2 . . . Parts Damaged 1 | . . . . . . 1 . . . . . . . . . . . . . . . . . Bothacking | -11 -10 -10 -10 -9 -8 -7 -6 -6 -6 -6 -6 -5 -5 -5 -5 -5 -4 -4 -4 -3 -3 -2 -1 ------------ Run | Scr Mat Min Exi Min Mat Fac Fac Ext Cet Arc Hub Fac Was Fac Upp War Pro Fac Arm Res Qua Res Acc Used RIF Installer . | . . . . . . . . . . . . . . . . . . . . . . . . Robots Hacked . | . . . . . . . . . . . . . . . . . . . . . . . . Non-combat . | . . . . . . . . . . . . . . . . . . . . . . . . Combat . | . . . . . . . . . . . . . . . . . . . . . . . . Robot Hacks Applied . | . . . . . . . . . . . . . . . . . . . . . . . . Relay Couplers Released 2 | . . . . . . . 2 . . . . . . . . . . . . . . . . Programmers 2 | . . . . . . . 2 . . . . . . . . . . . . . . . . Robots Rewired 39 | . . . . . . . . 24 . . . . . . 2 6 2 . 4 . . 1 . Allies Hacked 2 | . . . . . . . . . . . . . . 2 . . . . . . . . . Hacks Repelled 1 | . . . . . . . . . . . . . . 1 . . . . . . . . . Allies | -11 -10 -10 -10 -9 -8 -7 -6 -6 -6 -6 -6 -5 -5 -5 -5 -5 -4 -4 -4 -3 -3 -2 -1 -------- Run | Scr Mat Min Exi Min Mat Fac Fac Ext Cet Arc Hub Fac Was Fac Upp War Pro Fac Arm Res Qua Res Acc Total Allies 141 | . . 1 . 3 . . 2 29 . . . . 20 . 2 6 2 1 4 3 . 35 33 Largest Group 25 | . . 1 1 3 . . 1 21 . . . . 20 10 2 6 2 1 4 1 . 25 22 Highest-Rated Group 745 | . . 31 31 40 . . 26 570 . . . . 745 421 59 262 97 9 188 26 . 357 313 Highest-Rated Ally 150 | . . 31 31 16 . . 26 150 . . . . 50 50 30 60 49 9 47 26 . 30 58 Total Orders 11 | . . . . . . . . . . . . . . . 2 . . 4 . 4 . 1 . FOLLOW 1 | . . . . . . . . . . . . . . . 1 . . . . . . . . PICKUP 1 | . . . . . . . . . . . . . . . . . . . . . . 1 . EXPLORE 9 | . . . . . . . . . . . . . . . 1 . . 4 . 4 . . . Ally Attacks 705 | . . . . 11 . . . 165 . . . . 126 46 . 45 6 . 15 . . 149 142 Total Damage 20156 | . . . . 51 . . . 3257 . . . . 6998 1808 . 1561 120 . 533 . . 2991 2837 Kills 82 | . . . . 1 . . . 21 . . . . 14 13 . 7 . . 2 . . 10 14 Allies Corrupted 6 | . . . . . . . . . . . . . . 1 . 3 . . 2 . . . . Allies Melted . | . . . . . . . . . . . . . . . . . . . . . . . . Intel | -11 -10 -10 -10 -9 -8 -7 -6 -6 -6 -6 -6 -5 -5 -5 -5 -5 -4 -4 -4 -3 -3 -2 -1 ------- Run | Scr Mat Min Exi Min Mat Fac Fac Ext Cet Arc Hub Fac Was Fac Upp War Pro Fac Arm Res Qua Res Acc Robot Analysis Total 8 | . . . . . 2 1 2 . . . . 1 . 1 . . . 1 . . . . . Derelict Logs Recovered 8 | . . 2 . 2 . . . . . . . . . . 2 . 2 . . . . . . Drone Launches 10 | . . . . . . . . . . . . . . . 2 . . 4 . 4 . . . Drone Recoveries . | . . . . . . . . . . . . . . . . . . . . . . . . Exploration | -11 -10 -10 -10 -9 -8 -7 -6 -6 -6 -6 -6 -5 -5 -5 -5 -5 -4 -4 -4 -3 -3 -2 -1 ------------- Run | Scr Mat Min Exi Min Mat Fac Fac Ext Cet Arc Hub Fac Was Fac Upp War Pro Fac Arm Res Qua Res Acc Turns Passed 17434 | 47 713 445 303 478 1224 1340 1592 1104 111 160 438 541 147 352 337 830 540 1703 1936 1513 234 390 956 Spaces Moved 26935 | 39 561 442 561 775 1520 1876 3408 1415 170 179 862 749 321 493 793 1515 1295 2814 1953 2153 689 800 1552 Core 85 | 3 . . . . . . . 74 . . . . . . . 5 2 . 1 . . . . Treads 83 | 3 80 . . . . . . . . . . . . . . . . . . . . . . Legs . | . . . . . . . . . . . . . . . . . . . . . . . . Wheels 261 | 33 228 . . . . . . . . . . . . . . . . . . . . . . Hover 557 | . 253 304 . . . . . . . . . . . . . . . . . . . . . Flight 25949 | . . 138 561 775 1520 1876 3408 1341 170 179 862 749 321 493 793 1510 1293 2814 1952 2153 689 800 1552 Fastest Speed 16 | 50 56 37 37 34 26 26 24 24 24 24 24 24 24 24 24 24 24 19 19 16 17 17 17 Average Speed 25 | 100 88 47 37 34 32 26 24 33 24 24 24 24 24 24 24 24 24 19 19 19 17 17 17 Slowest Speed 200 | 160 160 120 37 37 34 29 96 200 24 24 24 24 24 24 24 150 150 24 200 99 17 17 20 Overloaded Moves 6 | . . . . . . . . . . . . . . . . . . . . 6 . . . Propulsion Burnouts . | . . . . . . . . . . . . . . . . . . . . . . . . Robots Hopped 74 | . . 2 . 3 10 10 9 12 . . . 1 . . . . . 5 . 6 5 1 10 Cave-ins Triggered 1 | . . . . . . . . . . . . . . . . . . . . . 1 . . Teleports 1 | . . . . . . . . . . . . . . . . . . . . . 1 . . Exploration Rate (%) 68 | 4 81 69 92 97 96 44 82 87 77 88 66 26 96 11 98 95 98 67 88 46 63 19 47 Regions Visited 23 Branch Regions 12 Pre-discovered Areas 5 | . . . . 1 . . . . . . . . . . 2 . 2 . . . . . . Known Exits Taken 20 | . 1 1 1 1 1 1 1 1 1 1 1 . . 1 1 1 1 1 1 1 1 1 . Unknown Exits Taken 1 | 1 . . . . . . . . . . . . . . . . . . . . . . . Scrap Searched 10 | . . 2 . 1 . . . . . . . . . . 3 . 4 . . . . . . Spaces Dug 64 | . . . . . 4 5 3 . . . 2 2 . . . . 1 1 14 6 . 24 2 Terrain Destroyed 504 | . . . . . 4 5 3 30 . . 378 2 . . . . 1 1 48 6 . 24 2 Melee 64 | . . . . . 4 5 3 . . . 2 2 . . . . 1 1 14 6 . 24 2 Projectile . | . . . . . . . . . . . . . . . . . . . . . . . . AOE 440 | . . . . . . . . 30 . . 376 . . . . . . . 34 . . . . Actions | -11 -10 -10 -10 -9 -8 -7 -6 -6 -6 -6 -6 -5 -5 -5 -5 -5 -4 -4 -4 -3 -3 -2 -1 --------- Run | Scr Mat Min Exi Min Mat Fac Fac Ext Cet Arc Hub Fac Was Fac Upp War Pro Fac Arm Res Qua Res Acc Total 36029 | 44 687 635 655 968 2073 2619 4060 1919 218 287 1045 1085 390 708 916 1956 1474 3866 3429 3153 783 1021 2038 Wait 5609 | . 9 138 91 140 282 572 401 60 12 84 54 269 57 157 55 341 55 711 1188 678 14 108 133 Move 26771 | 38 560 437 560 768 1500 1857 3389 1394 169 178 861 747 320 492 792 1514 1294 2803 1951 2140 677 797 1533 Hop 63 | . . 2 . 3 9 8 9 8 . . . 1 . . . . . 4 . 6 5 1 7 Pick Up 64 | 1 4 4 1 3 5 7 9 4 . 1 2 1 1 . 2 2 2 2 1 3 5 . 4 Fast Attach 123 | 4 6 3 . 5 10 8 12 4 1 . 1 4 . . . 12 1 13 1 12 18 2 6 Attach 20 | . . 2 . 1 1 1 4 2 . . 1 . . . . . . 2 . 2 2 . 2 Detach 6 | . . . . 1 . . . 1 . . 1 1 . . . . . 2 . . . . . Swap 83 | 1 3 1 2 4 13 7 9 10 . 1 1 3 1 3 . 2 . 5 3 9 . . 5 Drop 153 | . 10 5 1 9 17 11 16 6 . 2 2 4 1 . 2 12 2 15 2 12 16 2 6 Fire 134 | . 90 33 . . . . . 4 . . 3 . . . . . . . 4 . . . . Melee 1664 | . . . . 18 162 92 124 160 28 12 62 33 . 23 33 23 66 195 164 173 27 60 209 Ram . | . . . . . . . . . . . . . . . . . . . . . . . . Kick . | . . . . . . . . . . . . . . . . . . . . . . . . Crush . | . . . . . . . . . . . . . . . . . . . . . . . . Escape Stasis 76 | . . . . . . 15 16 . . . . . . 12 . . . 1 19 6 1 . 6 Rewire 203 | . . . . . . . . 143 . . . . . . 4 26 15 . 14 . . 1 . Trap 1 | . . . . 1 . . . . . . . . . . . . . . . . . . . Miscellaneous 1059 | . 5 10 . 15 74 41 71 123 8 9 57 22 10 21 28 24 39 113 82 112 18 50 127 Route ------- -11/Scrapyard -10/Materials (discovered 4 exits: *Mat x2 / *Min x2) -10/Mines (discovered 3 exits: *Mat x2 / *Exi) -10/Exiles (discovered 2 exits: *Min x2) -9/Mines (discovered 2 exits: *Mat x2) -8/Materials (discovered 2 exits: *Fac x2) -7/Factory (discovered 2 exits: *Fac x2) -6/Factory (discovered 7 exits: *Fac x3 / *Low x2 / *Ext x2) -6/Extension (discovered 3 exits: *Fac x2 / *Cet) -6/Cetus -6/Archives (discovered 3 exits: *Fac / *Hub x2) -6/Hub_04(d) (discovered 3 exits: *Fac x3) -5/Factory (discovered 6 exits: *Fac x4 / Upp x2) -5/Waste -5/Factory (discovered 2 exits: *Upp x2) -5/Upper Caves (discovered 2 exits: *Upp / *War) -5/Warlord -4/Proximity Caves -4/Factory (discovered 7 exits: *Res x4 / *Upp x2 / *Arm) -4/Armory (discovered 2 exits: *Res x2) -3/Research (discovered 5 exits: Res x3 / *Qua x2) -3/Quarantine -2/Research (discovered 3 exits: *Acc x3) -1/Access Tau Ceti IV Orbit History --------- Turn | Location | Event 1 | -11/Scrapyard | Upgraded with Propulsion slot (x1) 1 | -11/Scrapyard | Upgraded with Utility slot (x2) 17 | -11/Scrapyard | Discovered new exit (range 14) 48 | -11/Scrapyard | Entered Materials 152 | -10/Materials | Discovered new exit (range 15) 255 | -10/Materials | Core integrity fell below 50% 284 | -10/Materials | Discovered new exit (range 16) 300 | -10/Materials | Build established: Mutant 514 | -10/Materials | Discovered new exit (range 14) 538 | -10/Materials | Identified exit to Materials 669 | -10/Materials | Discovered new exit (range 5) 671 | -10/Materials | Identified exit to Mines 761 | -10/Materials | Entered Mines 776 | -10/Mines | Reached level 2 795 | -10/Mines | Met a Derelict bent on vengeance 820 | -10/Mines | Upgraded with Propulsion slot (x1) 820 | -10/Mines | Upgraded with Weapon slot (x1) 855 | -10/Mines | Deemed a non-threat by the Exiles lab entrance 856 | -10/Mines | Discovered new exit (range 5) 857 | -10/Mines | Identified exit to Exiles 1106 | -10/Mines | Received a Mining Laser from a helpful Derelict 1206 | -10/Mines | Entered Exiles 1206 | -10/Exiles | Accompanied by 1 ally 1212 | -10/Exiles | Discovered new exit (range 16) 1217 | -10/Exiles | Identified exit to Mines 1224 | -10/Exiles | Met 8R-AWN 1250 | -10/Exiles | Met EX-HEX 1271 | -10/Exiles | Met EX-DEC 1281 | -10/Exiles | Visited The Gauntlet 1331 | -10/Exiles | Met EX-BIN 1366 | -10/Exiles | Build established: Scavenger-Mutant 1427 | -10/Exiles | Aligned with FarCom system 1427 | -10/Exiles | Given EX-Vault access code 1436 | -10/Exiles | Opened EX-Vault 1452 | -10/Exiles | Warned to stay clear of 0b10 Research branches 1470 | -10/Exiles | Found Longsword +1 1505 | -10/Exiles | Discovered exit to Mines (range 15) 1509 | -10/Exiles | Left Exiles lab with Longsword +1 1509 | -10/Exiles | Entered Mines 1511 | -9/Mines | Reached level 3 1511 | -9/Mines | Upgraded with Utility slot (x1) 1575 | -9/Mines | Discovered new exit (range 7) 1577 | -9/Mines | Identified exit to Materials 1646 | -9/Mines | Assisted by bots powering up and referring to "LRC-V3" 1769 | -9/Mines | A weapon hastily lodged in a ceiling crevice suddenly fell to the ground 1922 | -9/Mines | Found a hidden stash of uninstalled traps 1945 | -9/Mines | Reached level 4 1987 | -9/Mines | Entered Materials 1989 | -8/Materials | Reached level 5 1989 | -8/Materials | Upgraded with Utility slot (x1) 2166 | -8/Materials | Destroyed 9 combat bots 2198 | -8/Materials | Reached level 6 2235 | -8/Materials | Repaired Lgt. Armor Plating 2256 | -8/Materials | Build established: Scavenger-Scout 2488 | -8/Materials | Reached level 7 2490 | -8/Materials | Upgraded with Utility slot (x1) 2490 | -8/Materials | Upgraded with Weapon slot (x1) 2512 | -8/Materials | Discovered new exit (range 17) 2696 | -8/Materials | Central database locked down 2788 | -8/Materials | Reached level 8 2796 | -8/Materials | Upgraded with Propulsion slot (x1) 2909 | -8/Materials | Garrison activated, responded to threat 2977 | -8/Materials | Discovered new exit (range 16) 3028 | -8/Materials | Reached level 9 3187 | -8/Materials | First assault squad dispatched 3211 | -8/Materials | Identified exit to Factory 3211 | -8/Materials | Entered Factory 3213 | -7/Factory | Reached level 10 3213 | -7/Factory | Upgraded with Utility slot (x1) 3392 | -7/Factory | Reached level 11 3402 | -7/Factory | Upgraded with Utility slot (x1) 3562 | -7/Factory | Fabricated Imp. Hacking Suite (x1) 3612 | -7/Factory | Fabricated Imp. Hacking Suite (x1) 3674 | -7/Factory | Discovered new exit (range 11) 3677 | -7/Factory | Identified exit to Factory 3698 | -7/Factory | Build established: Hacker-Scout 3819 | -7/Factory | Reached level 12 3973 | -7/Factory | Fabricated Actuator Array (x1) 3999 | -7/Factory | Discovered exit to Factory (range 4) 4111 | -7/Factory | Central database locked down 4202 | -7/Factory | Reached level 13 4279 | -7/Factory | Repaired Imp. Medium Armor Plating 4411 | -7/Factory | First assault squad dispatched 4523 | -7/Factory | Garrison activated, responded to threat 4551 | -7/Factory | Entered another Factory area 4553 | -6/Factory | Reached level 14 4553 | -6/Factory | Upgraded with Utility slot (x1) 4555 | -6/Factory | Upgraded with Power slot (x1) 4568 | -6/Factory | Identified exit to Lower Caves 4568 | -6/Factory | Identified exit to Extension 4578 | -6/Factory | Imp. Hacking Suite fried by hacking feedback 4604 | -6/Factory | Reached level 15 4606 | -6/Factory | Upgraded with Propulsion slot (x1) 4622 | -6/Factory | Discovered new exit (range 12) 4661 | -6/Factory | Identified exit to Factory 4664 | -6/Factory | Found Prototype Processor 4664 | -6/Factory | Identified Exp. Targeting Computer 4798 | -6/Factory | Fabricated Biomechanical Wings (x1) 4957 | -6/Factory | Discovered exit to Factory (range 16) 5029 | -6/Factory | Reached level 16 5388 | -6/Factory | Reached level 17 5393 | -6/Factory | Upgraded with Utility slot (x1) 5396 | -6/Factory | Garrison activated, responded to threat 5617 | -6/Factory | Spotted B-75 Beast 5633 | -6/Factory | Destroyed B-75 Beast 5691 | -6/Factory | Repaired Mic. Fission Core 5759 | -6/Factory | Discovered exit to Factory (range 9) 5802 | -6/Factory | Reached level 18 5802 | -6/Factory | Upgraded with Weapon slot (x1) 5957 | -6/Factory | Fabricated Lyr. Medium Armor Plating (x1) 6143 | -6/Factory | Entered Extension 6176 | -6/Extension | Rewired Cogmind 6180 | -6/Extension | Rewired Cogmind 6186 | -6/Extension | Rewired Cogmind 6193 | -6/Extension | Rewired Cogmind 6235 | -6/Extension | Reached level 19 6283 | -6/Extension | Rescued a captive Derelict 6284 | -6/Extension | Rescued a captive Derelict 6319 | -6/Extension | Rewired Cogmind 6345 | -6/Extension | Rewired Cogmind 6347 | -6/Extension | Rewired Cogmind 6352 | -6/Extension | Rewired Cogmind 6423 | -6/Extension | Rewired Cogmind 6437 | -6/Extension | Rewired Cogmind 6440 | -6/Extension | Rewired Cogmind 6472 | -6/Extension | Rewired Cogmind 6485 | -6/Extension | Rewired Cogmind 6488 | -6/Extension | Rewired Cogmind 6489 | -6/Extension | Rewired Cogmind 6493 | -6/Extension | First assault squad dispatched 6537 | -6/Extension | Rewired Cogmind 6550 | -6/Extension | Rewired Cogmind 6558 | -6/Extension | Rewired Cogmind 6612 | -6/Extension | Core integrity fell below 50% 6656 | -6/Extension | Destroyed 10 combat bots 6657 | -6/Extension | Reached level 20 6658 | -6/Extension | Upgraded with Utility slot (x1) 6672 | -6/Extension | Spotted B-75 Beast 6673 | -6/Extension | Spotted B-75 Beast 6679 | -6/Extension | Allies destroyed B-75 Beast 6683 | -6/Extension | Allies destroyed B-75 Beast 6750 | -6/Extension | Energy Cycler disabled 6751 | -6/Extension | Rescued a captive Derelict 6758 | -6/Extension | Discovered exit to Factory (range 15) 6767 | -6/Extension | Rescued A7 6837 | -6/Extension | Destroyed 7 combat bots 6878 | -6/Extension | High security lockdown imminent 6908 | -6/Extension | Build established: Commander-Scout 6938 | -6/Extension | Discovered exit to Factory (range 10) 6938 | -6/Extension | Discovered new exit (range 6) 6947 | -6/Extension | Identified exit to Cetus 6958 | -6/Extension | High security lockdown engaged 6965 | -6/Extension | Reached level 21 7028 | -6/Extension | Extracted ID and sensor layout for unrecognized location from A7's data core 7036 | -6/Extension | Destroyed 27 combat bots 7101 | -6/Extension | Rewired Cogmind 7104 | -6/Extension | Rewired Cogmind 7112 | -6/Extension | Rewired Cogmind 7147 | -6/Extension | Rewired Cogmind 7149 | -6/Extension | Rewired Cogmind 7151 | -6/Extension | Rewired Cogmind 7226 | -6/Extension | Destroyed 7 combat bots 7247 | -6/Extension | Entered Cetus 7251 | -6/Cetus | Spotted Cetus Guard 7251 | -6/Cetus | Spotted Cetus Guard 7252 | -6/Cetus | Spotted Cetus Guard 7262 | -6/Cetus | Destroyed Cetus Guard 7262 | -6/Cetus | Spotted Cetus Guard 7265 | -6/Cetus | Destroyed Cetus Guard 7278 | -6/Cetus | Destroyed Cetus Guard 7331 | -6/Cetus | Destroyed 8 combat bots 7349 | -6/Cetus | Discovered new exit (range 16) 7358 | -6/Cetus | Identified exit to Archives 7358 | -6/Cetus | Entered Archives 7492 | -6/Archives | Unable to access archive contents 7495 | -6/Archives | Unable to access archive contents 7496 | -6/Archives | Discovered new exit (range 17) 7498 | -6/Archives | Unable to access archive contents 7499 | -6/Archives | Discovered new exit (range 17) 7500 | -6/Archives | Unable to access archive contents 7501 | -6/Archives | Discovered exit to Factory (range 17) 7517 | -6/Archives | Identified exit to Hub_04(d) 7518 | -6/Archives | Entered Hub_04(d) 7537 | -6/Hub_04(d) | Discovered exit to Factory (range 4) 7603 | -6/Hub_04(d) | Build established: Scavenger-Scout 7610 | -6/Hub_04(d) | Discovered exit to Factory (range 14) 7867 | -6/Hub_04(d) | Discovered exit to Factory (range 2) 7868 | -6/Hub_04(d) | First assault squad dispatched 7917 | -6/Hub_04(d) | Network Hub disabled 7917 | -6/Hub_04(d) | Reached level 22 7949 | -6/Hub_04(d) | Network Hub disabled 7956 | -6/Hub_04(d) | Entered Factory 7982 | -5/Factory | Repaired System Backup Module 8073 | -5/Factory | Fabricated Adv. Hacking Suite (x1) 8096 | -5/Factory | Discovered new exit (range 4) 8097 | -5/Factory | Identified exit to Factory 8214 | -5/Factory | Fabricated Adv. Hacking Suite (x1) 8256 | -5/Factory | First assault squad dispatched 8368 | -5/Factory | Fabricated Cld. Aerolev Unit (x1) 8369 | -5/Factory | Build established: Hacker-Scout 8496 | -5/Factory | Identified exit to Upper Caves 8497 | -5/Factory | Sucked down chute 8497 | -5/Factory | Entered Waste 8498 | -5/Waste | Met a frightened Derelict 8504 | -5/Waste | Spotted C-40 Crusher 8515 | -5/Waste | Spotted C-40 Crusher 8519 | -5/Waste | Warlord forces began an assault 8542 | -5/Waste | Spotted C-40 Crusher 8554 | -5/Waste | Allies destroyed C-40 Crusher 8555 | -5/Waste | Allies destroyed C-40 Crusher 8556 | -5/Waste | Spotted C-40 Crusher 8556 | -5/Waste | Spotted C-40 Crusher 8565 | -5/Waste | Allies destroyed C-40 Crusher 8565 | -5/Waste | Allies destroyed C-40 Crusher 8569 | -5/Waste | Allies destroyed C-40 Crusher 8570 | -5/Waste | Spotted C-40 Crusher 8572 | -5/Waste | Allies destroyed C-40 Crusher 8594 | -5/Waste | Discovered new exit (range 17) 8622 | -5/Waste | Identified exit to Factory 8644 | -5/Waste | Entered Factory 8644 | -5/Factory | Accompanied by 10 allies 8765 | -5/Factory | Fabricated Adv. Armor Integrity Analyzer (x1) 8786 | -5/Factory | Reached level 23 8996 | -5/Factory | Entered Upper Caves 9038 | -5/Upper Caves | Encountered a Warlord checkpoint 9131 | -5/Upper Caves | Found Alien Artifact 9146 | -5/Upper Caves | A Derelict revealed a hidden shortcut to "reach the base" 9146 | -5/Upper Caves | Identified exit to Warlord 9152 | -5/Upper Caves | Learned location of Armory (-4) 9219 | -5/Upper Caves | Destroyed 8 combat bots 9232 | -5/Upper Caves | Rewired Cogmind 9234 | -5/Upper Caves | Rewired Cogmind 9243 | -5/Upper Caves | Discovered new exit (range 16) 9248 | -5/Upper Caves | Identified exit to Upper Caves 9273 | -5/Upper Caves | Learned 8 Research zone layouts 9273 | -5/Upper Caves | Learned Factory security intel 9304 | -5/Upper Caves | Build established: Hacker-Sprinter 9333 | -5/Upper Caves | Entered Warlord 9333 | -5/Warlord | Accompanied by 3 allies 9350 | -5/Warlord | Discovered new exit (range 9) 9352 | -5/Warlord | Identified exit to Proximity Caves 9544 | -5/Warlord | Rewired Cogmind 9548 | -5/Warlord | Rewired Cogmind 9559 | -5/Warlord | Rewired Cogmind 9565 | -5/Warlord | Rewired Cogmind 9568 | -5/Warlord | Rewired Cogmind 9582 | -5/Warlord | Visited the Vortex Lab 9585 | -5/Warlord | Found Prototype Energy Gun 9585 | -5/Warlord | Identified Vortex Shotgun 9588 | -5/Warlord | Found Prototype Energy Cannon 9588 | -5/Warlord | Identified Vortex Driver 9591 | -5/Warlord | Found Prototype Launcher 9591 | -5/Warlord | Identified Vortex Catalyst Activator 9603 | -5/Warlord | Warlord's base attacked by MAIN.C 9625 | -5/Warlord | Met Warlord 9625 | -5/Warlord | Reached level 24 9629 | -5/Warlord | Upgraded with Utility slot (x1) 9636 | -5/Warlord | Found Prototype Processor 9636 | -5/Warlord | Identified Exp. Core Analyzer 9642 | -5/Warlord | Found Prototype Device 9642 | -5/Warlord | Identified Thermal Barrier 9648 | -5/Warlord | Found Prototype Reactor 9648 | -5/Warlord | Identified Vortex Chain Reactor 9813 | -5/Warlord | Rewired Cogmind 9953 | -5/Warlord | Warlord forces counterattacked 10035 | -5/Warlord | Spotted Striker 10049 | -5/Warlord | Destroyed Striker 10081 | -5/Warlord | Spotted Striker 10102 | -5/Warlord | Destroyed Striker 10160 | -5/Warlord | Spotted Striker 10163 | -5/Warlord | Entered Proximity Caves 10278 | -4/Proximity Caves | Destroyed 11 combat bots 10281 | -4/Proximity Caves | Reached level 25 10288 | -4/Proximity Caves | Rewired Cogmind 10299 | -4/Proximity Caves | Rewired Cogmind 10349 | -4/Proximity Caves | Attracted the attention of an 0b10 checkpoint 10460 | -4/Proximity Caves | Destroyed 8 combat bots 10581 | -4/Proximity Caves | Spotted B-86 Titan 10585 | -4/Proximity Caves | Destroyed B-86 Titan 10703 | -4/Proximity Caves | Entered Factory 10738 | -4/Factory | Identified exit to Research 10758 | -4/Factory | Garrison activated, responded to threat 10779 | -4/Factory | Core integrity fell below 50% 10800 | -4/Factory | Reached level 26 10895 | -4/Factory | Fabricated Exp. Cesium-ion Thruster (x1) 10980 | -4/Factory | Fabricated Exp. Cesium-ion Thruster (x1) 11007 | -4/Factory | Build established: Hacker-Scout 11025 | -4/Factory | Identified exit to Upper Caves 11025 | -4/Factory | Identified exit to Armory 11026 | -4/Factory | Central database locked down 11101 | -4/Factory | Fabricated A-02 Transporter (x1) 11209 | -4/Factory | Repaired Hvy. Rocket Launcher 11285 | -4/Factory | Repaired Adv. Reaction Control System 11490 | -4/Factory | Spotted B-86 Titan 11497 | -4/Factory | Destroyed B-86 Titan 11499 | -4/Factory | Local fabrication network quarantined 11953 | -4/Factory | First assault squad dispatched 12044 | -4/Factory | Reached level 27 12045 | -4/Factory | Upgraded with Utility slot (x1) 12065 | -4/Factory | Destroyed 9 combat bots 12162 | -4/Factory | Central database locked down 12211 | -4/Factory | Identified Dimensional Node Initializer 12240 | -4/Factory | Found Prototype Device 12246 | -4/Factory | Identified EM Disruption Field 12254 | -4/Factory | Spotted B-86 Titan 12368 | -4/Factory | Central database locked down 12406 | -4/Factory | Entered Armory 12562 | -4/Armory | Fabricated Lgt. Quantum Reactor (x2) 12681 | -4/Armory | Fabricated Q-thruster (x2) 13452 | -4/Armory | Fabricated Exp. Signal Interpreter? 13516 | -4/Armory | Local fabrication network quarantined 13620 | -4/Armory | Fabricated Adv. Actuator Array (x1) 13743 | -4/Armory | Spotted B-86 Titan 13750 | -4/Armory | Destroyed B-86 Titan 13792 | -4/Armory | Rewired Cogmind 13799 | -4/Armory | Rewired Cogmind 13802 | -4/Armory | Rewired Cogmind 13805 | -4/Armory | Rewired Cogmind 13951 | -4/Armory | First assault squad dispatched 14192 | -4/Armory | Reached level 28 14255 | -4/Armory | Destroyed 17 combat bots 14342 | -4/Armory | Entered Research 14343 | -3/Research | Identified exit to Quarantine 14509 | -3/Research | Fabricated Adv. Actuator Array? 14619 | -3/Research | First assault squad dispatched 14719 | -3/Research | Reached level 29 14723 | -3/Research | Upgraded with Propulsion slot (x1) 14797 | -3/Research | Identified exit to Research 14797 | -3/Research | Adv. Hacking Suite fried by hacking feedback 14891 | -3/Research | Found Prototype Device 14891 | -3/Research | Identified Exp. ECM Suite 15100 | -3/Research | Build established: Machinist-Scout 15118 | -3/Research | Repaired Centrium Medium Armor Plating 15346 | -3/Research | Fabricated Q-thruster? 15533 | -3/Research | Found Exp. Hacking Suite 15618 | -3/Research | Found Enh. Force Lance 15711 | -3/Research | Reached level 30 15738 | -3/Research | Destroyed 11 combat bots 15835 | -3/Research | Destroyed 10 combat bots 15855 | -3/Research | Entered Quarantine 15856 | -3/Quarantine | Maximum security lockdown engaged 15856 | -3/Quarantine | Spotted Alpha 7 15863 | -3/Quarantine | Destroyed Alpha 7 15892 | -3/Quarantine | Found Alien Artifact 15892 | -3/Quarantine | Identified Subatomic Replicator 15896 | -3/Quarantine | Used Subatomic Replicator to replicate Longsword +1 15920 | -3/Quarantine | Found Alien Artifact 15920 | -3/Quarantine | Identified Terrabomb 15920 | -3/Quarantine | Used Terrabomb 15927 | -3/Quarantine | Found Terrabomb 15949 | -3/Quarantine | Found Alien Slashing Weapon 15949 | -3/Quarantine | Identified Sigix Broadsword 15964 | -3/Quarantine | Found Alien Artifact 15964 | -3/Quarantine | Identified Hpw. Transdimensional Reconstructor 15964 | -3/Quarantine | Warped through subspace 15978 | -3/Quarantine | Initialized slip node 15980 | -3/Quarantine | Found Alien Artifact 15989 | -3/Quarantine | Found Alien Artifact 15989 | -3/Quarantine | Identified Core Reset Matrix 15989 | -3/Quarantine | Identified Transdimensional Reconstructor 15989 | -3/Quarantine | Used Core Reset Matrix 15993 | -3/Quarantine | Detected hypermatrix surge 15993 | -3/Quarantine | Sensed 8 artifacts in vicinity 15997 | -3/Quarantine | Met incapacitated Sigix Warrior 15997 | -3/Quarantine | Lockdown squad dispatched 16051 | -3/Quarantine | Used Terrabomb 16058 | -3/Quarantine | Crushed by falling debris 16059 | -3/Quarantine | Spotted Lightning 16059 | -3/Quarantine | Spotted Lightning 16059 | -3/Quarantine | Spotted Lightning 16072 | -3/Quarantine | Spotted Striker 16078 | -3/Quarantine | Spotted Investigator 16082 | -3/Quarantine | Discovered exit to Research (range 12) 16086 | -3/Quarantine | Core integrity fell below 50% 16089 | -3/Quarantine | Entered Research 16089 | -2/Research | Warlord forces began assault on 0b10 16090 | -2/Research | Core integrity fell below 50% 16091 | -2/Research | Reached level 31 16092 | -2/Research | Identified exit to Access 16115 | -2/Research | Emitted hypermatrix ping 16120 | -2/Research | Assembled emerged from beneath the floor 16143 | -2/Research | Rewired Cogmind 16151 | -2/Research | Fabricated A-15 Conveyor? 16151 | -2/Research | Spotted B-90 Cyclops 16166 | -2/Research | Reached level 32 16166 | -2/Research | Destroyed B-90 Cyclops 16199 | -2/Research | Research machine network offline 16244 | -2/Research | Assembled emerged from beneath the floor 16266 | -2/Research | Assembled emerged from beneath the floor 16344 | -2/Research | Assembled emerged from beneath the floor 16402 | -2/Research | Assembled emerged from beneath the floor 16417 | -2/Research | High security lockdown imminent 16479 | -2/Research | Entered Access 16479 | -1/Access | Accompanied by 22 allies 16481 | -1/Access | Reached level 33 16563 | -1/Access | Reached level 34 16563 | -1/Access | Upgraded with Utility slot (x1) 16565 | -1/Access | Found Unknown Device 16569 | -1/Access | Fabricated B-74 Champion? 16603 | -1/Access | Destroyed 7 combat bots 16652 | -1/Access | Reached level 35 16654 | -1/Access | High security lockdown imminent 16672 | -1/Access | Found Unknown Protection 16675 | -1/Access | Destroyed 8 combat bots 16690 | -1/Access | Garrison activated, responded to threat 16734 | -1/Access | High security lockdown engaged 16867 | -1/Access | Identified Antimissile System 16911 | -1/Access | Garrison activated, responded to threat 16951 | -1/Access | Destroyed 15 combat bots 17008 | -1/Access | Spotted Investigator 17008 | -1/Access | Reached level 36 17008 | -1/Access | Scanned by Researcher 17014 | -1/Access | Destroyed Investigator 17038 | -1/Access | Core integrity fell below 50% 17065 | -1/Access | Destroyed 16 combat bots 17134 | -1/Access | Spotted Investigator 17136 | -1/Access | Destroyed Investigator 17244 | -1/Access | Destroyed 24 combat bots 17265 | -1/Access | Spotted Striker 17271 | -1/Access | Destroyed Striker 17277 | -1/Access | Spotted Striker 17300 | -1/Access | Spotted Executioner 17308 | -1/Access | Destroyed Striker 17318 | -1/Access | Destroyed Executioner 17321 | -1/Access | Build established: Hacker-Scout 17326 | -1/Access | Emitted hypermatrix ping 17331 | -1/Access | Assembled emerged from beneath the floor 17347 | -1/Access | Spotted Striker 17347 | -1/Access | Spotted Striker 17355 | -1/Access | Spotted B-99 Colossus 17358 | -1/Access | Destroyed 12 combat bots 17366 | -1/Access | Assembled emerged from beneath the floor 17370 | -1/Access | Assembled emerged from beneath the floor 17396 | -1/Access | Assembled emerged from beneath the floor 17406 | -1/Access | Identified Imp. Powered Armor 17426 | -1/Access | Core integrity fell below 20% 17432 | -1/Access | Discovered new exit (range 6) 17433 | -1/Access | Spotted B-99 Colossus 17433 | -1/Access | Spotted B-99 Colossus 17433 | -1/Access | Identified exit to Surface 17435 | -1/Access | Reached level 37 17435 | *** | Destroyed 0B10! Last Messages --------------- 17430_ W-44 Eye suffers critical hit. 17430_ W-44 Eye destroyed. 17431_ U-05 Engineer lays Concrete. 17432_ K-01 Serf cleans the Terminal. 17432_ The Access Shell folds into the floor. 17432_ EXIT=FOUND Sealed Heavy Doors opened remotely. 17433_ EXIT=IDENTIFIED: SURFACE 17433_ Penetrated by Slug. 17433_ Slug penetrates Wall. 17433_ Penetrated by Slug. 17433_ Slug penetrates Wall. Sealed Heavy Doors opened remotely. 17435_ Reached level 37. [Achievement: 50k Club] [Achievement: I Think I Know What's Going On] [Achievement: Rambo] [Achievement: Payload Armed] [Achievement: Victory By Combat] [Achievement: Death Machine] Map ----- +----------------------------------------------------+ | ?????????????????????????????????????????????????? | | ?????????????????????????????????????????????????? | | ?????????????????????????????????????????????????? | | ?????????????????????????????????????????????????? | | ?????????????????????????????????????????????????? | | ?????????????????????????????????????????????????? | | ?????????????????????????????????????????????????? | | ?????????????????????????????????????????????????? | | ?????????????????????????????????????????????????? | | ?????????????????????????????????????????????????? | | ?????????????????????????????????????????????????? | | ?????????????????????????????????????????????????? | | ?????????? ?????????????????????????????????????? | | ??????????# ????????????????????????????????????? | | ??????????# ????????????????????????????????????? | | ??????????# ????????????????????????????????????? | | ??????????# ?????????????????????????Y??????????? | | ??????????# ????????????????????????????????????? | | ??????????# ??????###???????????????????????????? | | ??????????# ####### #####################???????? | | ??????????# """T""" #???????? | | ??????????# """ """ BB #???????? | | ??????????# k BB ### ?? | | ??????????# #? | | ??????????# "" #? | | ??????????# @" #? | | ??????????#u #? | | ??????????# BB ###+#???? | | ??????????# a BB #???????? | | ??????????# #???????? | | ??????????# a####### #####################???????? | | ??????????# #?????###???????????????????????????? | | ?########## #???????????????????????????????????? | | ?# # #???????????????????????????????????? | | ?# # #???????????????????????????????????? | | ?#"" + #???????????????????????????????????? | | ?#""" # #???????????????????????????????????? | | ?#"R # #???????????????????????????????????? | | ?#""" # #???????????????????????????????????? | | ?#"" # #???????????????????????????????????? | | ?# # ##############??????????????????????? | | ?# # # #??????????????????????? | | ########### # #??????????????????????? | | # # """""" #??????????????????????? | | # # ""S""" #??????????????????????? | | # # """ #??????????????????????? | | # # #??????????????????????? | | # # #??????????????????????? | | # # #??????????????????????? | | # # #??????????????????????? | +----------------------------------------------------+ Best States ------------- Heat Dissipation 73 Energy Generation 73 Energy Capacity 700 Matter Stores 400 Matter Capacity 400 Sight Range 18 Robot Scan Range 10 Terrain Scan Density 10 Power Amplification 30 Armor Coverage 625 Resistance: KI 5 Resistance: TH 5 Resistance: EX 10 Reclamation Efficiency 25 Melee Speed Boost 30 Evasion (%) 80 Targeting Accuracy 11 Melee Accuracy 24 Target Analysis 8 Core Analysis 15 Armor Integrity Analysis 66 Recoil Reduction 1 Stasis Canceling 2 Offensive Hacking 28 Defensive Hacking 12 Item Schematics ----------------- None Robot Schematics ------------------ None Fabricated ------------ Imp. Hacking Suite | x1 | -7/Factory Imp. Hacking Suite | x1 | -7/Factory Actuator Array | x1 | -7/Factory Biomechanical Wings | x1 | -6/Factory Lyr. Medium Armor Plating | x1 | -6/Factory Adv. Hacking Suite | x1 | -5/Factory Adv. Hacking Suite | x1 | -5/Factory Cld. Aerolev Unit | x1 | -5/Factory Adv. Armor Integrity Analyzer | x1 | -5/Factory Exp. Cesium-ion Thruster | x1 | -4/Factory Exp. Cesium-ion Thruster | x1 | -4/Factory A-02 Transporter | x1 | -4/Factory | Preloaded Lgt. Quantum Reactor | x2 | -4/Armory Q-thruster | x2 | -4/Armory Exp. Signal Interpreter | x1 | -4/Armory Adv. Actuator Array | x1 | -4/Armory Adv. Actuator Array | x1 | -3/Research Q-thruster | x2 | -3/Research | Preloaded A-15 Conveyor | x1 | -2/Research | Preloaded Alien Tech Used ----------------- Subatomic Replicator Terrabomb Sigix Broadsword High-powered Transdimensional Reconstructor Dimensional Node Initializer Core Reset Matrix Achievements -------------- 50k Club A Powerful Ally? Ambidextrous Assassin Beloved Charge!!! Death Machine Denied? Dodgeball, But With Guns False Reunion Giant Slayer Gladiator I Think I Know What's Going On Killing Spree Melee Specialist Most Wanted Origins Payload Armed Production Line Rambo Treasure Hunter Ultimate Loadout Victory By Combat Watch This! What Is This Thing? Challenges ------------ None RPGLIKE | -11 -10 -10 -10 -9 -8 -7 -6 -6 -6 -6 -6 -5 -5 -5 -5 -5 -4 -4 -4 -3 -3 -2 -1 --------- Run | Scr Mat Min Exi Min Mat Fac Fac Ext Cet Arc Hub Fac Was Fac Upp War Pro Fac Arm Res Qua Res Acc Levels Raised 36 | . . 1 . 2 5 4 5 3 . . 1 . . 1 . 1 1 2 1 2 . 2 5 XP Earned 57183 | 3000 990 1300 350 1878 8655 6006 6887 4434 263 149 890 1032 91 944 443 632 1884 2339 1544 3121 1016 2710 6625 XP Spent 55210 | 3000 . 1400 . 3060 5935 5100 9190 5300 . . . . . . . 4250 . 4710 . 1980 2250 880 8155 Upgrades 84 | 10 . 3 . 12 8 3 7 6 . . . . . . . 2 . 3 . 3 2 8 17 Power Slot 1 | . . . . . . . 1 . . . . . . . . . . . . . . . . Propulsion Slot 5 | 1 . 1 . . 1 . 1 . . . . . . . . . . . . 1 . . . Utility Slot 13 | 2 . . . 1 2 2 2 1 . . . . . . . 1 . 1 . . . . 1 Weapon Slot 3 | . . 1 . . 1 . 1 . . . . . . . . . . . . . . . . Core Integrity 20 | . . . . 4 1 . . . . . . . . . . . . . . . . 8 7 Heat Dissipation 8 | . . . . 1 1 . 1 . . . . . . . . . . 1 . 2 . . 2 Energy Generation 4 | . . . . . 1 . . 1 . . . . . . . . . 1 . . . . 1 Energy Storage 2 | . . . . . . . . . . . . . . . . . . . . . . . 2 Matter Storage 2 | . . . . . . . . . . . . . . . . . . . . . . . 2 Mass Support 3 | . . 1 . . . . 1 1 . . . . . . . . . . . . . . . Inventory Capacity 5 | 2 . . . . . . . . . . . . . . . 1 . . . . 2 . . Sight Range 2 | 1 . . . . . . . . . . . . . . . . . . . . . . 1 Sensor Range 5 | 4 . . . 1 . . . . . . . . . . . . . . . . . . . Melee Accuracy 4 | . . . . 4 . . . . . . . . . . . . . . . . . . . KI Resistance % 1 | . . . . . . . . 1 . . . . . . . . . . . . . . . TH Resistance % 1 | . . . . . . . . 1 . . . . . . . . . . . . . . . EX Resistance % 2 | . . . . . . . . 1 . . . . . . . . . . . . . . 1 KI Damage % 3 | . . . . 1 1 1 . . . . . . . . . . . . . . . . . Protomatter Created 11557 | . 38 38 . 94 647 659 683 1162 63 69 516 108 . 205 317 346 312 1257 1195 1372 227 357 1892 Integrity Restored 21367 | . 114 168 . 309 1421 742 1328 2586 189 207 1248 477 188 409 592 383 786 2255 1567 2151 363 1100 2784 Core 15450 | . 114 168 . 309 991 516 947 1710 189 207 688 450 89 226 398 262 633 1563 1081 1402 286 975 2246 Parts 5917 | . . . . . 430 226 381 876 . . 560 27 99 183 194 121 153 692 486 749 77 125 538 Protomatter Decayed 7279 | . . . . 87 158 401 185 974 . . 66 . . 125 38 1418 46 437 654 675 30 856 1129 Game ------ Seed RagnarokCryofiberConverter Manual? 0 Play Time 09:58:41 Cumulative 51.1 hours Start 2020.04.07 @ 00:51:34 End 2020.04.11 @ 13:17:58 Sessions 11 Manual Loads 0 Difficulty Rogue Special Mode Winter2019/RPGLIKE Game No. 22 Rogue 22 Adventurer 0 Explorer 0 Win Type 3 Total 1 Types 0/0/0/1/0/0/0 Lore% 53 Gallery% 35 Achievement% 47 Wizard Run 0 Options --------- ASCII 0 Keyboard 0 Movement Numpad Keybinds 0 Fullscreen 1 Font 14/SmallcapsGlow Map View 84x54 Tactical HUD 1 Map Filters NONE Filters NONE Steam 1 RUN: b9d36d52-b6f6-4960-94a3-bcf84fd71a67